 Dungeon Crawl Stone Soup version 0.27-a0-951-gae3e1deef5 (webtiles) character file.

Game seed: 15399405009065350723

5 polve the Skirmisher (level 1, -3/18 HPs)
             Began as a Demonspawn Abyssal Knight on Apr 11, 2021.
             Was an Initiate of Lugonu.
             Slain by a kobold
             ... wielding a +1 short sword of speed
              (4 damage)
             ... on level 1 of the Dungeon.
             The game lasted 00:00:15 (105 turns).

polve the Skirmisher (Demonspawn Abyssal Knight)     Turns: 105, Time: 00:00:15

Health: -3/18      AC:  3    Str: 12    XL:     1   Next: 66%
Magic:  2/2        EV: 11    Int: 13    God:    Lugonu [......]
Gold:   0          SH:  0    Dex: 12    Spells: 0/0 levels left

rFire    . . .     SeeInvis .   a - +1 short sword
rCold    . . .     Faith    .   (no shield)
rNeg     . . .     Spirit   .   b - +0 leather armour
rPois    .         Reflect  .   (no helmet)
rElec    .         Harm     .   (no cloak)
rCorr    .         Rampage  .   (no gloves)
Will     .....                  (no boots)
Stlth    +.........             (no amulet)
HPRegen  0.06/turn              (no ring)
MPRegen  0.08/turn              (no ring)

@: no status effects
A: no striking features
a: Renounce Religion


You were on level 1 of the Dungeon.
You worshipped Lugonu.
Lugonu was noncommittal.
You visited 1 branch of the dungeon, and saw 1 of its levels.
You visited the Abyss 1 time.

Inventory:

Hand Weapons
 a - a +1 short sword (weapon)
Armour
 b - a +0 leather armour (worn)


   Skills:
 - Level 3.0 Fighting
 + Level 2.2 Short Blades
 - Level 1.7 Armour
 - Level 0.8 Dodging
 - Level 2.4 Invocations


You couldn't memorise any spells.
You didn't know any spells.
Your spell library was empty.

Dungeon Overview and Level Annotations

Branches:
Dungeon (1/15)

Altars:


Message History

You barely miss the frilled lizard. The frilled lizard bites you.
You barely miss the frilled lizard. The frilled lizard bites you.
You closely miss the frilled lizard. The frilled lizard misses you.
You hit the frilled lizard but do no damage.
The frilled lizard bites you but does no damage.
You closely miss the frilled lizard.
The frilled lizard bites you but does no damage.
You hit the frilled lizard but do no damage.
The frilled lizard closely misses you.
You closely miss the frilled lizard. The frilled lizard barely misses you.
Your leather armour prevents you from hitting the frilled lizard.
The frilled lizard bites you but does no damage.
You closely miss the frilled lizard. The frilled lizard bites you.
You closely miss the frilled lizard. The frilled lizard closely misses you.
You hit the frilled lizard.
The frilled lizard is heavily wounded.
The frilled lizard bites you.
You miss the frilled lizard.
The frilled lizard is heavily wounded.
The frilled lizard closely misses you.
You completely miss the frilled lizard.
The frilled lizard is heavily wounded.
The frilled lizard closely misses you.
You miss the frilled lizard.
The frilled lizard is heavily wounded.
The frilled lizard closely misses you.
You miss the frilled lizard.
The frilled lizard is heavily wounded.
The frilled lizard closely misses you.
You hit the frilled lizard.
You kill the frilled lizard!
Lugonu accepts your kill.
You barely miss the kobold.
The kobold hits you with a +1 short sword of speed.
* * * LOW HITPOINT WARNING * * *
The kobold hits you but does no damage.
You hit the kobold.
The kobold is moderately wounded.
The kobold hits you with a +1 short sword of speed.
You die...

####### +.....#
+..<..# #.....#
##''#####
#......############
#.......@K.........
##+########........
#........ #K.......
#l..K.... .........
#........ #........
#........


You could see a kobold.

Vanquished Creatures
  An endoplasm (D:1)
  A giant cockroach (D:1)
  A kobold (D:1)
  2 frilled lizards (D:1)
5 creatures vanquished.

Notes
Turn   | Place    | Note
-------+----------+-------------------------------------------
     0 | Abyss:1  | polve the Demonspawn Abyssal Knight began the quest for the
                  | Orb.
     0 | Abyss:1  | Reached XP level 1. HP: 18/18 MP: 2/2
    49 | Abyss:1  | Noticed a large abomination
    50 | D:1      | Escaped the Abyss
   105 | D:1      | Slain by a kobold

Illustrated notes

Levels and vault maps discovered:
D:1:      dpeg_arrival_houses_and_road, layout_rooms

Skill      XL: |  1 |
---------------+----+-----
Short Blades   | 2 |  2.2
Fighting       | |  3.0
Armour         | |  1.7
Dodging        | |  0.8
Invocations    | |  2.4

Action                   || total
-------------------------++-------
Melee: Short sword       ||    26
Invok: Depart the Abyss  ||     1
Armor: Leather armour    ||     5
Dodge: Dodged            ||    11

Table legend: (Time is in decaauts)
 A = Elapsed time spent in this place.
 B = Non-inter-level travel time spent in this place.
 C = Inter-level travel time spent in this place.
 D = Time resting spent in this place.
 E = Time spent auto-exploring this place.
 F = Levels seen in this place.
 G = Mean time per level.
                   A        B        C        D        E       F      G
               +--------+--------+--------+--------+--------+-----+--------+
         Total |    106 |    106 |      0 |      0 |     72 |   2 |   53.0 |
       Dungeon |     54 |     54 |      0 |      0 |     22 |   1 |   54.0 |
         Abyss |     51 |     51 |      0 |      0 |     50 |   1 |   51.0 |
               +--------+--------+--------+--------+--------+-----+--------+

Top non-repeatable levels by time:
     D:1: 54 daAuts
 Abyss:1: 51 daAuts
